 Dungeon Crawl Stone Soup version 0.32-a0-685-g93135e86f0 (webtiles) character file.

Game seed: 16894407883013293040

602 tilp the Vexing (level 7, -15/52 HPs)
             Began as a Vampire Enchanter on Mar 12, 2024.
             Demolished by Edmund
             ... wielding a +0 flail of holy wrath
              (17 damage)
             ... on level 4 of the Dungeon.
             The game lasted 00:06:44 (3871 turns).

tilp the Vexing (Vampire Enchanter)                 Turns: 3871, Time: 00:06:44

Health: -15/52     AC:  2    Str:  7    XL:     7   Next: 18%
Magic:  5/11       EV: 13    Int: 26    God:
Gold:   121        SH:  0    Dex: 14    Spells: 5/12 levels left

rFire   . . .        a - +0 dagger (elec)
rCold   . . .        (no shield)
rNeg    . . .        e - +0 robe
rPois   .            (no helmet)
rElec   .            (no cloak)
rCorr   +            (no gloves)
SInv    +            (no boots)
Will    .....        (no amulet)
Stlth   +++          f - +6 ring of intelligence
HPRegen 0.48/turn    r - ring of resist corrosion
MPRegen 0.12/turn

%: no passive effects
@: very slightly contaminated, healing quickly
A: alive, fangs 3, see invisible, vampiric 2
a: Exsanguinate


You were on level 4 of the Dungeon.
You visited 1 branch of the dungeon, and saw 4 of its levels.
You also visited: Sewer.

You collected 121 gold pieces.

Inventory:

Hand Weapons
 a - a +0 dagger of electrocution (weapon)
 b - a +1 dagger of speed
Missiles
 i - 2 silver javelins {!f}
 o - 5 poisoned darts (quivered)
 p - a throwing net {!f}
 u - 2 boomerangs
Armour
 e - a +0 robe (worn)
Jewellery
 f - a +6 ring of intelligence (left hand)
 r - a ring of resist corrosion (right hand)
Wands
 j - a wand of mindburst (5)
 m - a wand of quicksilver (10)
 q - a wand of paralysis (9)
 s - a wand of flame (29)
Scrolls
 d - 2 scrolls of teleportation
 h - 3 scrolls of fog
Potions
 c - a potion of invisibility
 g - a potion of might {unknown}
 k - 2 potions of lignification
 l - 2 potions of brilliance
 n - a potion of haste {unknown}
 t - a potion of magic {unknown}


   Skills:
 * Level 3.0 Fighting
 * Level 3.9 Short Blades
 + Level 3.4 Dodging
 + Level 5.6 Stealth
 + Level 3.0 Spellcasting
 + Level 5.6 Hexes
 + Level 1.6 Translocations
 + Level 1.3 Evocations


You had 5 spell levels left.
You knew the following spells:

 Your Spells              Type           Power      Damage    Failure   Level
a - Ensorcelled Hibernat  Hex/Ice        36%        N/A       4%          2
b - Confusing Touch       Hex            33%        N/A       2%          3
c - Blink                 Tloc           24%        N/A       8%          2

Your spell library contained the following spells:

 Spells                   Type           Power      Damage    Failure   Level
 Tukima's Dance           Hex            33%        N/A       2%          3
 Dazzling Flash           Conj/Hex       36%        N/A       9%          3
 Magic Dart               Conj           12%        1d3       10%         1
 Summon Small Mammal      Summ           12%        N/A       10%         1
 Call Imp                 Summ           6%         N/A       14%         2
 Call Canine Familiar     Summ           3%         N/A       28%         3
 Summon Blazeheart Golem  Fire/Summ      3%         N/A       67%         4


Dungeon Overview and Level Annotations

Branches:
Dungeon (4/15)              Sewer (visited)
 Temple: D:4-7

Altars:
Hepliaklqana
Sif Muna

Annotations:
D:4 Blork the orc, Edmund, Grinder


Innate Abilities, Weirdness & Mutations

Your natural rate of healing is accelerated.
You have razor-sharp teeth.
You have supernaturally acute eyesight. (SInv)
You are afflicted with vampirism and can become a bat while bloodless.


Message History

Grinder is severely wounded.
Grinder hits Edmund!
Edmund writhes in agony.
Blork the orc shouts!
You hit Grinder.
Grinder is severely wounded.
You barely miss Grinder.
Grinder is severely wounded.
Edmund barely misses you. Grinder hits you.
You writhe in agony.
You hit Grinder but do no damage. You bite Grinder, but do no damage.
Grinder is severely wounded.
Edmund hits you with a +0 flail of holy wrath!
* * * LOW HITPOINT WARNING * * *
You convulse.
* * * LOW HITPOINT WARNING * * *
Unknown command.
Casting: Confusing Touch (dangerous; 2% risk of failure)
Confirm with . or Enter, or press ? or * to list all spells.
Aiming: Ensorcelled Hibernation (safe; 4% risk of failure)
Press: ? - help, Shift-Dir - straight line, f - Edmund
Aim: Edmund, wielding a +0 flail of holy wrath and wearing a +3 scale mail of poison resistance (moderately wounded, chance to affect: 50%)
You miscast Ensorcelled Hibernation.
You are very lightly contaminated with residual magic.
Nothing appears to happen.
Edmund misses you.
There is an open door here.
Casting: Ensorcelled Hibernation (safe; 4% risk of failure)
Confirm with . or Enter, or press ? or * to list all spells.
Aiming: Ensorcelled Hibernation (safe; 4% risk of failure)
Press: ? - help, Shift-Dir - straight line, f/p - Edmund
Aim: Edmund, wielding a +0 flail of holy wrath and wearing a +3 scale mail of poison resistance (moderately wounded, chance to affect: 50%) Edmund looks drowsy...
Blork the orc casts a spell.
Blork the orc seems to speed up.
The helpless Edmund fails to defend himself.
You impale Edmund!!
Edmund is almost dead.
Edmund hits you with a +0 flail of holy wrath!
* * * LOW HITPOINT WARNING * * *
You convulse!
You die...
Edmund says, "That'll show my brother!"

*,.....,,,,,,,,
**...#**,,,***,
####...###**** **
#........# * #..5.....# *
#####..5.....# *
**#...J......$.# #
*#...##@##......# #
*..*##ß@ß##....## #
**,*##.....##...#*
*,,##ß.....ß##...#
*,##.........##..########
*,#ß.........ß#..########
*,+...........'..#####...
**#ß.........ß#..#####.<.
##.........##.######...
##ß.....ß##..#######+#


You could see Edmund, Grinder (confused) and an endoplasm.

Vanquished Creatures
  Pargi (Sewer)
  2 brain worms (Sewer)
  A hound (D:3)
  Jessica (D:3)
  Ijyb (D:3)
  Natasha (thrice) (D:3)
  3 orc wizards
  4 adders
  2 river rats (D:4)
  A white imp (D:4)
  2 ribbon worms
  7 orcs
  14 ball pythons
  9 endoplasms
  3 giant cockroaches
  4 goblins
  3 hobgoblins
  3 jackals (D:2)
  5 quokkas
  7 bats
  2 frilled lizards
  7 kobolds
  4 rats
89 creatures vanquished.

Notes
Turn   | Place    | Note
-------+----------+-------------------------------------------
     0 | D:1      | tilp the Vampire Enchanter began the quest for the Orb.
     0 | D:1      | Reached XP level 1. HP: 13/13 MP: 3/3
   120 | D:1      | Found a faded altar of an unknown god.
   120 | D:1      | Noticed a sixfirhy
   184 | D:1      | You fall into a shaft and drop 1 floor!
   190 | D:2      | Reached XP level 2. HP: 20/20 MP: 5/5
   193 | D:2      | Learned a level 2 spell: Ensorcelled Hibernation
   199 | D:2      | Learned a level 2 spell: Blink
   496 | D:2      | Reached skill level 1 in Fighting
   607 | D:2      | Gained mutation: You are afflicted with vampirism and can
                  | become a bat while bloodless. [Vampire growth]
   607 | D:2      | Reached XP level 3. HP: 25/26 MP: 1/6
  1698 | D:2      | Reached XP level 4. HP: 25/32 MP: 4/7
  2062 | D:3      | Found a hazy altar of Hepliaklqana.
  2232 | D:3      | Noticed Natasha
  2239 | D:3      | Killed Natasha
  2240 | D:3      | Reached skill level 5 in Hexes
  2240 | D:3      | Reached XP level 5. HP: 38/38 MP: 5/8
  2244 | D:3      | Learned a level 3 spell: Confusing Touch
  2318 | D:3      | Noticed Ijyb
  2326 | D:3      | Killed Ijyb
  2327 | D:3      | Reached skill level 5 in Stealth
  2327 | D:3      | Reached skill level 1 in Translocations
  2491 | D:3      | Noticed Jessica
  2639 | D:3      | Killed Jessica
  2691 | D:3      | Found a shimmering blue altar of Sif Muna.
  2725 | D:3      | Noticed Natasha
  2730 | D:3      | Killed Natasha
  2754 | D:3      | Noticed Natasha
  2759 | D:3      | Killed Natasha
  3331 | D:4      | Reached XP level 6. HP: 45/45 MP: 10/10
  3403 | D:4      | Found a glowing drain.
  3421 | Sewer    | Entered a sewer
  3524 | Sewer    | Noticed Pargi
  3526 | Sewer    | Reached skill level 1 in Evocations
  3531 | Sewer    | Killed Pargi
  3532 | Sewer    | Reached XP level 7. HP: 42/51 MP: 8/11
  3723 | D:4      | Noticed Blork the orc
  3853 | D:4      | Noticed Grinder
  3857 | D:4      | Noticed Edmund
  3871 | D:4      | HP: 2/52 [Edmund/+0 flail of holy wrath (11)]
  3871 | D:4      | Demolished by Edmund

Illustrated notes

Levels and vault maps discovered:
D:1:      lemuel_arrival_tunnels, layout_basic,
          dreamdust_ecumenical_altar_sealed_demon, serial_park_tiny_pond
D:2:      layout_basic, serial_bayou_ford_a
D:3:      layout_basic, tgw_sif, overflow_temple_1_default, serial_forest,
          infiniplex_forest_clump_medium, infiniplex_forest_lined_4_way,
          infiniplex_forest_clump_tiny, infiniplex_forest_lined_room_2,
          infiniplex_forest_side_room, infiniplex_forest_end_3,
          infiniplex_forest_lined_1, infiniplex_forest_lined_4_way, uniq_ijyb,
          uniq_natasha
D:4:      layout_gridville, lightli_sewer_entry_pipes,
          chequers_serial_rivers_room_b, dk_noncrumbling_4,
          nicolae_elevator_lobby_plus, uniq_blork_the_orc, uniq_grinder,
          uniq_edmund

Skill      XL: |  1  2  3  4  5  6  7 |
---------------+----------------------+-----
Fighting       | 1 2 3 |  3.0
Short Blades   | 2 3 |  3.9
Hexes          | 5 |  5.6
Stealth        | 5 |  5.6
Translocations | 1 |  1.6
Dodging        | 3 |  3.4
Evocations     | 1 |  1.3
Spellcasting   | 3 |  3.0

Action                     |  1- 3 |  4- 6 |  7- 9 || total
---------------------------+-------+-------+-------++-------
  Melee: Dagger            |    88 |    58 |    42 ||   188
         Bite              |    10 |     7 |     7 ||    24
  Throw: Javelin           |     1 |       |       ||     1
   Cast: Ensorcelled Hiber |    17 |    15 |     6 ||    38
         Confusing Touch   |       |       |     1 ||     1
  Evoke: Wand              |       |     1 |       ||     1
    Use: Potion            |     1 |       |       ||     1
         Scroll            |       |     8 |       ||     8
   Stab: Sleeping          |    22 |    23 |     8 ||    53
         Confused          |       |       |     1 ||     1
 Armour: Robe              |    44 |    24 |    17 ||    85
  Dodge: Dodged            |    65 |    37 |    26 ||   128

Table legend: (Time is in decaauts)
 A = Elapsed time spent in this place.
 B = Non-inter-level travel time spent in this place.
 C = Inter-level travel time spent in this place.
 D = Time resting spent in this place.
 E = Time spent auto-exploring this place.
 F = Levels seen in this place.
 G = Mean time per level.
                   A        B        C        D        E       F      G
               +--------+--------+--------+--------+--------+-----+--------+
         Total |   3886 |   3704 |    182 |    360 |   2541 |   5 |  777.2 |
       Dungeon |   3682 |   3500 |    182 |    360 |   2388 |   4 |  920.5 |
         Sewer |    204 |    204 |      0 |      0 |    153 |   1 |  204.0 |
               +--------+--------+--------+--------+--------+-----+--------+

Top non-repeatable levels by time:
     D:3: 1321 daAuts
     D:2: 1300 daAuts
     D:1: 776 daAuts
     D:4: 284 daAuts
   Sewer: 204 daAuts
